 Dungeon Crawl Stone Soup version 0.28-a0-834-g1a73be5ee4 (webtiles) character file.

Game seed: 15065305646476965477

124 Twinkles the Conjurer (level 4, -7/25 HPs)
             Began as a Deep Elf Conjurer on Nov 11, 2021.
             Killed from afar by Ijyb (9 damage)
             ... with a puff of flame
             ... on level 4 of the Dungeon.
             The game lasted 00:13:46 (3907 turns).

Twinkles the Conjurer (Deep Elf Conjurer)           Turns: 3907, Time: 00:13:46

Health: -7/25      AC:  4    Str:  4    XL:     4   Next: 81%
Magic:  1/11       EV: 13    Int: 24    God:
Gold:   154        SH:  0    Dex: 13    Spells: 3/10 levels left

rFire   . . .      SeeInvis .   g - +0 short sword
rCold   . . .      Faith    .   (no shield)
rNeg    . . .      Spirit   .   a - +0 robe
rPois   .          Reflect  .   e - +0 helmet
rElec   .          Harm     .   (no cloak)
rCorr   .          Rampage  .   k - +0 pair of gloves
Will    .....                   (no boots)
Stlth   ++........              (no amulet)
HPRegen 0.08/turn               (no ring)
MPRegen 0.12/turn               (no ring)

@: no status effects
A: no striking features
a: no special abilities


You were on level 4 of the Dungeon.
You visited 1 branch of the dungeon, and saw 4 of its levels.

You collected 154 gold pieces.

Inventory:

Hand Weapons
 g - a +0 short sword (weapon)
Missiles
 b - 38 sling bullets
 f - 23 arrows
 s - 137 stones
Armour
 a - a +0 robe (worn)
 e - a +0 helmet (worn)
 k - a +0 pair of gloves (worn)
Wands
 d - a wand of digging (4)
 q - a wand of flame (32)
Scrolls
 h - a scroll of magic mapping {unknown}
 K - a scroll of immolation
 Y - a scroll of teleportation
 Z - 2 scrolls of identify
Potions
 c - a potion of might {unknown}
 i - a potion of cancellation {unknown}
 J - 3 potions of curing


   Skills:
 + Level 1.3 Fighting
 + Level 1.6 Bows
 + Level 3.3 Dodging
 + Level 3.5 Stealth
 + Level 3.8 Spellcasting
 + Level 4.9 Conjurations
 + Level 0.2 Hexes


You had 3 spell levels left.
You knew the following spells:

 Your Spells              Type           Power      Damage    Failure   Level
a - Magic Dart            Conj           100%       1d8       1%          1
b - Searing Ray           Conj           56%        2d6       1%          2
c - Fulminant Prism       Conj/Hex       8%         3d7       34%         4

Your spell library contained the following spells:

 Spells                   Type           Power      Damage    Failure   Level
 Dazzling Flash           Conj/Hex       34%        N/A       11%         3
 Iskenderun's Mystic Bla  Conj/Tloc      16%        2d5       34%         4


Dungeon Overview and Level Annotations

Branches:
Dungeon (4/15)
 Temple: D:4-7

Altars:
Qazlal

Shops:
D:1 (

Annotations:
D:2 exclusions: hobgoblin and quokka, Sigmund
D:3 exclusion: downstairs
D:4 exclusions: 2 orcs and orc priest, Ijyb


Message History

Aim: Ijyb, wielding a +0 dagger, wearing a +0 ring mail and carrying a wand of flame (14) (heavily wounded, 77% to hit)
The searing ray hits Ijyb.
Ijyb is severely wounded. (Press . to maintain the ray.)
You don't have enough magic to cast this spell.
You don't have enough magic to cast this spell.
You barely miss Ijyb.
Ijyb is severely wounded.
Ijyb hits you with a +0 dagger.
You barely miss Ijyb.
Ijyb is severely wounded.
Ijyb misses you.
You hit Ijyb but do no damage.
Ijyb is severely wounded.
Ijyb hits you with a +0 dagger.
Aiming: Searing Ray (safe; 1% risk of failure)
Press: ? - help, Q - select action, (/) - cycle Shift-Dir - straight line, f/p - Ijyb
Aim: Ijyb, wielding a +0 dagger, wearing a +0 ring mail and carrying a wand of flame (14) (severely wounded, 77% to hit)
The searing ray hits Ijyb.
Ijyb is almost dead. (Press . to maintain the ray.) Ijyb barely misses you.
You barely miss Ijyb.
Ijyb is almost dead.
Ijyb hits you but does no damage.
Your magical contamination has completely faded away.
You hit Ijyb but do no damage.
Ijyb is almost dead.
Ijyb zaps a wand.
The puff of flame misses you.
You hit Ijyb.
Ijyb is almost dead.
Ijyb zaps a wand.
The puff of flame hits you!
You hit Ijyb but do no damage.
Ijyb is almost dead.
Ijyb zaps a wand.
The puff of flame hits you!
* * * LOW HITPOINT WARNING * * *
You don't have enough magic to cast this spell.
You don't have enough magic to cast this spell.
Ijyb zaps a wand.
The puff of flame hits you!
You die...

.............#
....≈........##.........#
..[.........(##..!......#
...#..#.#.#####.........#
...#.##...# #.........#
...#..###.# #.........#
...#..###.# #.........#
...#...##^# #.........#
)....#.##.#####.@.g.....#
...###)##.##..'............
...# #..#[##.##.........###
#### ##.#.##.##.........#
#...##.############
##..##.# #..##.# #..##.#
##.##.#


You could see Ijyb.

Vanquished Creatures
  Jessica (D:2)
  2 adders (D:2)
  2 dart slugs (D:1)
  3 orcs
  5 bats
  4 endoplasms
  3 giant cockroaches
  8 goblins
  11 hobgoblins
  2 quokkas
  7 ball pythons
  13 kobolds
  5 rats
66 creatures vanquished.

Vanquished Creatures (others)
  A ball python (D:4)
1 creature vanquished.

Grand Total: 67 creatures vanquished

Notes
Turn   | Place    | Note
-------+----------+-------------------------------------------
     0 | D:1      | Twinkles the Deep Elf Conjurer began the quest for the Orb.
     0 | D:1      | Reached XP level 1. HP: 10/10 MP: 6/6
   352 | D:1      | Reached XP level 2. HP: 16/16 MP: 5/8
   500 | D:1      | Found Iluowig's Weapon Shoppe.
   539 | D:1      | Found a faded altar of an unknown god.
   849 | D:1      | Reached XP level 3. HP: 20/20 MP: 5/9
  1231 | D:2      | Reached skill level 1 in Bows
  1289 | D:2      | Reached skill level 1 in Fighting
  1314 | D:2      | Noticed Sigmund
  1483 | D:2      | Noticed Jessica
  1485 | D:2      | Killed Jessica
  1486 | D:2      | Reached XP level 4. HP: 25/25 MP: 8/11
  2527 | D:3      | Learned a level 2 spell: Searing Ray
  2532 | D:3      | Learned a level 4 spell: Fulminant Prism
  3652 | D:4      | Identified the +0 scale mail of Youthful Indiscretion
                  | {+Blink rElec rPois Will-}
  3738 | D:4      | Found a stormy altar of Qazlal.
  3738 | D:4      | Noticed a water elemental
  3743 | D:4      | Noticed an earth elemental
  3746 | D:4      | Noticed a fire elemental
  3746 | D:4      | Noticed an air elemental
  3888 | D:4      | Noticed Ijyb
  3904 | D:4      | HP: 1/25 [Ijyb/puff of flame (7)]
  3907 | D:4      | Killed from afar by Ijyb

Illustrated notes

Levels and vault maps discovered:
D:1:      psy_arrival_radial01, layout_loops_cross, serial_shops, shop_coins,
          ebering_ecumenical_altar_ruins
D:2:      layout_loops_ring, grunt_decor_arrowhead, chequers_arboretum,
          uniq_sigmund, uniq_jessica
D:3:      layout_loops_ring, minmay_statues_item
D:4:      layout_basic, nicolae_qazlal_style_of_elements, supply_closet_lemuel,
          lemuel_old_faithful, uniq_ijyb

Skill      XL: |  1  2  3 |
---------------+----------+-----
Stealth        | 3 |  3.5
Bows           | 1 |  1.6
Fighting       | 1 |  1.3
Dodging        | 3 |  3.3
Spellcasting   | |  3.8
Conjurations   | |  4.9
Hexes          | |  0.2

Action                   |  1- 3 |  4- 6 || total
-------------------------+-------+-------++-------
Melee: Short sword       |       |     7 ||     7
 Cast: Magic Dart        |    76 |    55 ||   131
       Searing Ray       |       |     9 ||     9
  Use: Scroll            |       |     6 ||     6
Armor: Robe              |       |     2 ||     2
Dodge: Dodged            |     1 |    10 ||    11

Table legend: (Time is in decaauts)
 A = Elapsed time spent in this place.
 B = Non-inter-level travel time spent in this place.
 C = Inter-level travel time spent in this place.
 D = Time resting spent in this place.
 E = Time spent auto-exploring this place.
 F = Levels seen in this place.
 G = Mean time per level.
                   A        B        C        D        E       F      G
               +--------+--------+--------+--------+--------+-----+--------+
         Total |   3909 |   3603 |    306 |    192 |   3031 |   4 |  977.2 |
       Dungeon |   3909 |   3603 |    306 |    192 |   3031 |   4 |  977.2 |
               +--------+--------+--------+--------+--------+-----+--------+

Top non-repeatable levels by time:
     D:1: 1192 daAuts
     D:2: 1148 daAuts
     D:3: 889 daAuts
     D:4: 678 daAuts
